 Dungeon Crawl Stone Soup version 0.31-a0-507-gbafd7f5274 (webtiles) character file.

Game seed: 7999721703580930426

1954 Crownlay the Skirmisher (level 8, 0/37 HPs)
             Began as a Spriggan Hunter on Aug 9, 2023.
             Slain by a centaur (2 damage)
             ... on level 7 of the Dungeon.
             The game lasted 00:12:01 (5195 turns).

Crownlay the Skirmisher (Spriggan Hunter)           Turns: 5195, Time: 00:12:02

Health: 0/37       AC:  2    Str:  7    XL:     8   Next: 99%
Magic:  9/9        EV: 18    Int: 10    God:
Gold:   329        SH:  0    Dex: 21    Spells: 7/7 levels left

rFire   . . .        a - +0 shortbow
rCold   . . .        (shield currently unavailable)
rNeg    . . .        c - +0 robe
rPois   .            (helmet currently unavailable)
rElec   .            p - melded +0 cloak
rCorr   .            (gloves unavailable)
SInv    +            (boots unavailable)
Will    +....        (no amulet)
Stlth   +++++        f - ring of wizardry
HPRegen 0.26/turn    h - ring of flight
MPRegen 0.11/turn

%: wizardry (x1)
@: beast-form, flying, very quick
A: beast (slay +4), very small, no large weapons, unfitting armour, see
invisible, speed 3
a: Begin Untransformation


You were on level 7 of the Dungeon.
You were a hulking beast.
You visited 1 branch of the dungeon, and saw 7 of its levels.
You also visited: Ossuary.

You collected 329 gold pieces.

Inventory:

Hand Weapons
 a - a +0 shortbow (weapon)
Missiles
 s - 2 darts of dispersal (quivered)
Armour
 c - a +0 robe (worn)
 p - a +0 cloak (melded)
Jewellery
 f - a ring of wizardry (left hand)
 h - a ring of flight (right hand)
Talismans
 v - a beast talisman (active)
Wands
 e - a wand of charming (8)
Scrolls
 g - 2 scrolls of amnesia
 i - a scroll of enchant weapon {unknown}
 n - a scroll of acquirement {unknown}
 r - a scroll of vulnerability
 u - 2 scrolls of revelation {unknown}
 w - 2 scrolls of fog
 y - a scroll of immolation {unknown}
Potions
 d - 3 potions of heal wounds {unknown}
 j - 3 potions of degeneration {unknown}
 k - a potion of lignification {unknown}
 l - 2 potions of ambrosia
 m - 2 potions of attraction {unknown}
 o - a potion of might {unknown}
 q - 2 potions of mutation {unknown}
 t - a potion of magic {unknown}
 x - 2 potions of curing {unknown}
 z - a potion of enlightenment {unknown}
 A - a potion of haste {unknown}
 B - a potion of berserk rage {unknown}
 C - 2 potions of resistance {unknown}


   Skills:
 - Level 1.5 Fighting
 * Level 9.2 Ranged Weapons
 - Level 2.6 Dodging
 + Level 9.2 Stealth
 + Level 6.3 Shapeshifting


You had 7 spell levels left.
You didn't know any spells.
Your spell library contained the following spells:

 Spells                   Type           Power      Damage    Failure   Level
 Slow                     Hex            0%         N/A       16%         1
 Confusing Touch          Hex            0%         N/A       41%         3
 Vampiric Draining        Necr           0%         2d6       41%         3


Dungeon Overview and Level Annotations

Branches:
Dungeon (8/15)            Ossuary (visited)
 Temple: D:4-7         Lair: D:8-11

Altars:
Sif Muna
Uskayaw

Shops:
D:1 (*

Annotations:
D:8 Gastronok


Innate Abilities, Weirdness & Mutations

You are a hulking beast.
Your limbs bulge with bestial killing power. (Slay +4)
You are very small and have problems with some larger weapons.
You are too small for most types of armour.
You have supernaturally acute eyesight. (SInv)
You cover ground extremely quickly. (Speed+++)


Message History

You feel invigorated. The bullfrog barely misses you. x2
You shoot an arrow. The bullfrog completely misses you.
You shoot an arrow. The bullfrog misses you. x2
You shoot an arrow. The centaur shoots an arrow.
The arrow completely misses you. The bullfrog closely misses you.
The centaur shoots an arrow.
The arrow misses you.
You shoot an arrow.
You feel less invigorated.
You feel less confused. The bullfrog barely misses you.
You shoot an arrow. The arrow barely misses the bullfrog.
The bullfrog closely misses you.
The centaur unwields a +0 shortbow.
The centaur misses you.
The centaur kicks you but does no damage.
The bullfrog hits you.
You shoot an arrow. The arrow closely misses the bullfrog.
The centaur barely misses you. x2; The bullfrog hits you.
The centaur misses you. The centaur completely misses you.
Fire: a) +0 shortbow
Press: ? - help, Shift-Dir - straight line, f/p - bullfrog
Aim: a bullfrog (black smoke, 64% to hit)
You shoot an arrow. The arrow hits the bullfrog!
The bullfrog is moderately wounded.
The bullfrog closely misses you. The centaur hits you. The centaur kicks you.
The bullfrog closely misses you.
Fire: a) +0 shortbow
Press: ? - help, Shift-Dir - straight line, f/p - bullfrog
Aim: a bullfrog (black smoke, moderately wounded, 64% to hit)
You shoot an arrow. The arrow hits the bullfrog!
The bullfrog is almost dead.
The centaur hits you.
* * * LOW HITPOINT WARNING * * *
The centaur closely misses you. The bullfrog completely misses you.
The gnoll hits you from afar with a +0 spear.
* * * LOW HITPOINT WARNING * * *
Fire: a) +0 shortbow
Press: ? - help, Shift-Dir - straight line, f/p - bullfrog
Aim: a bullfrog (black smoke, almost dead, 64% to hit)
You shoot an arrow. The arrow closely misses the bullfrog.
The centaur closely misses you. The centaur kicks you.
You die...

.PP.. ##.#....#
......#........
!..#..#.....#
....#....†..##
.....).#.#..###
......##.##...##
##§........#....#
##F§.............#
#h§§.....(#'#.....
##c§.##...#.#.....
###g..#.###.###...
#..§....+.....+...
#.......###.###...
#...##....#.#.....
##.####...#'#.....
## #............
#....##......


You could see a bullfrog, a centaur and a gnoll.

Vanquished Creatures
  Edmund (D:4)
  Duvessa (D:4)
  2 black bears
  A sky beast (D:7)
  Blork the orc (D:4)
  2 kobold brigands (D:3)
  A gnoll sergeant (D:5)
  3 scorpions
  5 water moccasin zombies (Ossuary)
  Dowan (D:4)
  A hound (D:4)
  2 gnoll boudas
  An orc priest (D:4)
  3 iguanas
  Terence (D:2)
  2 orc wizards
  2 mummies (Ossuary)
  21 gnolls
  4 adders
  A white imp (D:7)
  7 adder zombies (Ossuary)
  A worm (D:3)
  2 dart slugs
  7 orcs
  3 ball pythons
  7 endoplasms
  3 giant cockroaches
  12 hobgoblins
  3 quokkas
  2 bats
  2 frilled lizards
  A gnoll zombie (Ossuary)
  4 goblins
  8 hobgoblin zombies (Ossuary)
  45 kobolds
  A kobold zombie (Ossuary)
  2 orc zombies (Ossuary)
  8 rats
174 creatures vanquished.

Notes
Turn   | Place    | Note
-------+----------+-------------------------------------------
     0 | D:1      | Crownlay the Spriggan Hunter began the quest for the Orb.
     0 | D:1      | Reached XP level 1. HP: 10/10 MP: 2/2
   165 | D:1      | Reached XP level 2. HP: 14/14 MP: 3/3
   168 | D:1      | Found Pujolemo's General Store.
   481 | D:1      | Reached skill level 1 in Shapeshifting
   518 | D:1      | Found Dodutos's Antique Weapon Shoppe.
   953 | D:2      | Reached XP level 3. HP: 17/18 MP: 4/4
  1037 | D:2      | Noticed Terence
  1053 | D:2      | Killed Terence
  1522 | D:3      | Reached XP level 4. HP: 22/22 MP: 5/5
  1734 | D:3      | Reached skill level 5 in Ranged Weapons
  2058 | D:3      | Reached XP level 5. HP: 25/25 MP: 6/6
  2289 | D:3      | Reached XP level 6. HP: 30/30 MP: 7/7
  2430 | D:3      | Found a hide-covered altar of Uskayaw.
  2544 | D:3      | Found a faded altar of an unknown god.
  2549 | D:3      | Found a shimmering blue altar of Sif Muna.
  2640 | D:3      | Reached skill level 5 in Stealth
  3093 | D:4      | Noticed Blork the orc
  3109 | D:4      | Killed Blork the orc
  3110 | D:4      | Reached XP level 7. HP: 15/33 MP: 8/8
  3185 | D:4      | Noticed Dowan
  3186 | D:4      | Noticed Duvessa
  3884 | D:4      | Killed Duvessa
  3886 | D:4      | Killed Dowan
  3887 | D:4      | Reached XP level 8. HP: 29/37 MP: 9/9
  4006 | D:4      | Noticed Edmund
  4023 | D:4      | Killed Edmund
  4024 | D:4      | Reached skill level 5 in Shapeshifting
  4129 | D:5      | Entered Level 5 of the Dungeon
  4575 | D:5      | You are sucked into a shaft and drop 2 floors!
  4577 | D:7      | Found a sand-covered staircase.
  4585 | Ossuary  | Entered an ossuary
  5181 | D:8      | Noticed Gastronok
  5195 | D:7      | Slain by a centaur

Illustrated notes

Levels and vault maps discovered:
D:1:      minmay_arrival_shattered_statue, layout_loops_ring, serial_shops,
          shop, nicolae_shop_pleasant_corner_grove
D:2:      layout_basic, uniq_terence
D:3:      minmay_goblin_kobold_castle, layout_rooms,
          nicolae_overflow_ecumenical_swirl, nicolae_uskayaw_suspiria,
          kennysheep_path_1, hangedman_abyss_or_decor_lesser_grid,
          nrook_mini_vaults, corexii_shack, minmay_misc_feat_rugged
D:4:      layout_cave_pools, chequers_avenue, uniq_blork_the_orc, uniq_edmund,
          uniq_duvessa
D:5:      kennysheep_spiral_hall, layout_loops_ring, minmay_curled_crystal,
          minmay_misc_feat_five
D:7:      layout_cave_pools, nicolae_overflow_crystal_walls,
          nicolae_kikubaaqudgha_miasma_corner, nicolae_ossuary_entry_plus,
          serial_shops, nicolae_shop_industrial_runoff, serial_bayou_pond_a
D:8:      layout_rooms, mainiacjoe_overflow_cross_hatched, kennysheep_mini,
          uniq_gastronok, uniq_maggie

Skill      XL: |  1  2  3  4  5  6  7  8 |
---------------+-------------------------+-----
Stealth        | 2 3 4 5 7 9 |  9.2
Shapeshifting  | 1 2 3 4 6 |  6.3
Ranged Weapons | 5 6 7 9 |  9.2
Fighting       | |  1.5
Dodging        | |  2.6

Action                     |  1- 3 |  4- 6 |  7- 9 || total
---------------------------+-------+-------+-------++-------
   Fire: Shortbow          |    88 |   253 |   291 ||   632
    Use: Scroll            |       |     3 |     2 ||     5
         Potion            |       |       |     1 ||     1
 Armour: Robe              |     1 |     4 |    11 ||    16
  Dodge: Dodged            |    21 |    40 |   111 ||   172
   Form: Beast             |       |     1 |       ||     1

Table legend: (Time is in decaauts)
 A = Elapsed time spent in this place.
 B = Non-inter-level travel time spent in this place.
 C = Inter-level travel time spent in this place.
 D = Time resting spent in this place.
 E = Time spent auto-exploring this place.
 F = Levels seen in this place.
 G = Mean time per level.
                   A        B        C        D        E       F      G
               +--------+--------+--------+--------+--------+-----+--------+
         Total |   3916 |   3791 |    125 |     75 |   2645 |   8 |  489.5 |
       Dungeon |   3556 |   3431 |    125 |     75 |   2408 |   7 |  508.0 |
       Ossuary |    360 |    360 |      0 |      0 |    237 |   1 |  360.0 |
               +--------+--------+--------+--------+--------+-----+--------+

Top non-repeatable levels by time:
     D:3: 1371 daAuts
     D:4: 807 daAuts
     D:1: 488 daAuts
     D:2: 483 daAuts
 Ossuary: 360 daAuts
     D:5: 236 daAuts
     D:7: 167 daAuts
     D:8: 1 daAuts
